 Dungeon Crawl Stone Soup version 0.24-a0-235-g3f03afcf10 (webtiles) character file.

Game seed: 10948586329436426520

207 Redear the Skirmisher (level 5, -5/37 HPs)
             Began as an Octopode Fighter on Apr 8, 2019.
             Slain by a gnoll
             ... wielding a +0 whip
              (10 damage)
             ... on level 3 of the Dungeon.
             The game lasted 00:06:10 (2024 turns).

Redear the Skirmisher (Octopode Fighter)            Turns: 2024, Time: 00:06:10

Health: -5/37      AC:  1    Str: 16    XL:     5   Next: 85%
Magic:  5/5        EV: 14    Int: 10    God:
Gold:   155        SH:  0    Dex: 12    Spells: 4/4 levels left

rFire    . . .     SeeInvis .     - Unarmed
rCold    . . .     Gourm    .   (no shield)
rNeg     . . .     Faith    .   (helmet restricted)
rPois    .         Spirit   .   (no amulet)
rElec    .         Reflect  .   (no ring)
rCorr    .         Harm     .   (no ring)
MR       .....                  (no ring)
Stlth    +++.......             (no ring)
HPRegen  0.12/turn              (no ring)
MPRegen  0.09/turn              (no ring)
                                (no ring)
                                (no ring)

@: no status effects
A: almost no armour, stealthy swim, amphibious, 8 rings, constrict 8, camouflage
1, gelatinous body 1
a: no special abilities


You were on level 3 of the Dungeon.
You were hungry.

You visited 1 branch of the dungeon, and saw 3 of its levels.

You collected 155 gold pieces.

Inventory:

Missiles
 f - 3 tomahawks of dispersal
 g - 40 stones (quivered)
Armour
 a - a +0 shield
Jewellery
 d - an uncursed ring of poison resistance {unknown}
 h - an uncursed ring of fire {unknown}
Scrolls
 c - a scroll of noise {unknown}
 e - a scroll of remove curse {unknown}
 j - a scroll of immolation {unknown}
 k - a scroll of teleportation {unknown}
 l - 4 scrolls of identify {unknown}
 n - a scroll of random uselessness {unknown}
Potions
 b - a potion of might {Str+5 DMG+1d10 | @q3}
 i - a potion of magic {unknown}
Comestibles
 z - 7 rations


   Skills:
 + Level 3.9 Fighting
 + Level 3.8 Dodging
 + Level 3.2 Stealth
 + Level 3.8 Shields
 + Level 3.1 Unarmed Combat


You had 4 spell levels left.
You didn't know any spells.
Your spell library was empty.

Dungeon Overview and Level Annotations

Branches:
Dungeon (3/15)

Altars:
Hepliaklqana
Xom

Annotations:
D:3 exclusion: phantom


Innate Abilities, Weirdness & Mutations

You cannot wear most types of armour.
You are very stealthy in the water. (Stealth+)
You are amphibious.
You can wear up to eight rings at the same time.
You can use your tentacles to constrict eight enemies at once.
Your skin changes colour to match your surroundings (Stealth+).
Your rubbery body absorbs attacks. (AC +1, EV +1)


Message History

The gnoll hits you with a +0 halberd!!
* * * LOW HITPOINT WARNING * * *
You see here a stone.
You take 18 damage, and have 3/37 hp.
MASSIVE DAMAGE!!
You tentacle-slap the gnoll but do no damage.
You grab the gnoll. You squeeze the gnoll!
The gnoll is severely wounded.
You constrict the gnoll.
You kill the gnoll!
The gnoll barely misses you.
Press: ? - help, v - describe, . - travel The floor.
Found an escape hatch in the ceiling.
You are feeling hungry.
The gnoll closely misses you. The gnoll hits you with a +0 whip.
* * * LOW HITPOINT WARNING * * *
You take 5 damage, and have 5/37 hp.
The gnoll hits you with a +0 whip!
You die...

....................#..
##.####.##..........#...
##.# #.##.#######......
##.####.##.####.........
......................<.
.#.####.##.####.........
.#.# #.##.####......#..
.#.# #.##..............
.#.# #.##.#####@#.....
...## #.##.# #g# ...
....###.##.#####.#.....
.#......................
.#...##.##.#############
........##.##
.##...........
.###.#####.### .# #.#
#.#


You could see a gnoll.

Vanquished Creatures
  A phantom (D:3)
  A howler monkey zombie (D:3)
  3 gnolls (D:3)
  2 adders
  A worm (D:2)
  A dart slug (D:1)
  An orc (D:3)
  2 giant cockroaches
  5 goblins
  8 hobgoblins
  2 jackals (D:2)
  2 quokkas
  A ball python (D:2)
  6 bats
  3 frilled lizards
  8 kobolds
  8 rats
  A butterfly (D:3)
56 creatures vanquished.

Notes
Turn   | Place    | Note
-------+----------+-------------------------------------------
     0 | D:1      | Redear the Octopode Fighter began the quest for the Orb.
     0 | D:1      | Reached XP level 1. HP: 16/16 MP: 1/1
   233 | D:1      | Reached XP level 2. HP: 17/21 MP: 2/2
   295 | D:1      | Reached skill level 1 in Stealth
   744 | D:2      | Reached XP level 3. HP: 10/26 MP: 3/3
  1269 | D:2      | Reached skill level 2 in Stealth
  1449 | D:3      | Reached XP level 4. HP: 30/31 MP: 4/4
  1471 | D:3      | Found a hazy altar of Hepliaklqana.
  1557 | D:3      | Found a faded altar of an unknown god.
  1650 | D:3      | Found a shimmering altar of Xom.
  1652 | D:3      | Noticed a phantom
  1758 | D:3      | Killed a phantom
  1758 | D:3      | Reached skill level 3 in Stealth
  1758 | D:3      | Reached skill level 3 in Unarmed Combat
  1758 | D:3      | Reached XP level 5. HP: 13/37 MP: 5/5
  1966 | D:3      | HP: 3/37 [gnoll/+0 halberd (18)]
  2024 | D:3      | Slain by a gnoll

Levels and vault maps discovered:
D:1:      dpeg_arrival_pits, layout_loops_ring, chequers_decorated_corner
D:2:      layout_basic, first_ration
D:3:      layout_basic, xom_butterflies, lemuel_crystal_altar,
          chequers_ecumenical_altar_simple_redux

Skill      XL: |  1  2  3  4 |
---------------+-------------+-----
Stealth        | 1 2 3 |  3.2
Unarmed Combat | 3 |  3.1
Fighting       | |  3.9
Dodging        | |  3.8
Shields        | |  3.8

Action                   |  1- 3 |  4- 6 || total
-------------------------+-------+-------++-------
Melee: Unarmed           |    96 |    46 ||   142
       Constrict         |    24 |     8 ||    32
       Tentacles         |    14 |    14 ||    28
       Punch             |     2 |     1 ||     3
Throw: Stone             |       |    25 ||    25
 Stab: Sleeping          |     8 |     2 ||    10
  Eat: Chunk             |     2 |     1 ||     3
Armor: Skin              |     9 |       ||     9
Dodge: Dodged            |    61 |    25 ||    86
Block: Shield            |     2 |       ||     2

Table legend:
 A = Non-vault XP
 B = Vault XP
 C = Vault XP percentage of total XP
 D = Non-vault monster count
 E = Vault monster count
 F = Vault count percentage of total count
                 A         B        C        D         E       F
            +---------+---------+-------+---------+---------+-------
      Total |     297 |       0 |   0.0 |      55 |       0 |   0.0
            +---------+---------+-------+---------+---------+-------
        D:1 |      27 |       0 |   0.0 |      16 |       0 |   0.0
        D:2 |      53 |       0 |   0.0 |      25 |       0 |   0.0
        D:3 |     217 |       0 |   0.0 |      14 |       0 |   0.0
            +---------+---------+-------+---------+---------+-------
